Map: Scythe of Amon

Players

NamroodTuo

  • Race: Terran Terran
  • Spawn Location: 5:00

Enot

  • Race: Terran Terran

VOD

Have the link to the VOD?

Description

Time

  • Played on: March 31, 2023, 2:37 a.m.
  • Length: 19:27
Show
View Real Time Build Order
Export as new Build Order

NamroodTuo Terran 

Build Orders:  

Get SALT Encoding   

  12  0:16  Supply Depot  
  12  0:22  SCV  
  13  0:35  SCV  
  14  0:49  SCV  
  15  1:03  SCV, Refinery  
  16  1:16  SCV  
  17  1:21  Supply Depot  
  17  1:30  SCV  
  18  1:44  SCV  
  18  1:45  Refinery  
  19  2:02  Factory  
  19  2:04  SCV  
  20  2:18  SCV  
  21  2:31  SCV  
  22  2:45  SCV  
  23  2:54  Supply Depot  
  23  2:56  Supply Depot  
  23  2:58  SCV  
  24  3:12  SCV  
  25  3:25  SCV  
  26  3:34  Perdition Turret  
  26  3:39  SCV  
  27  3:44  Perdition Turret  
  27  3:53  SCV  
  27  3:57  Perdition Turret  
  28  4:06  SCV  
  29  4:10  Factory Tech Reactor  
  29  4:20  SCV  
  29  4:25  Armory  
  30  4:33  SCV  
  31  4:44  Devastation Turret  
  31  4:47  SCV  
  32  5:00  Devastation Turret  
  32  5:31  Starport  
  32  5:33  Engineering Bay  
  32  5:41  Regenerative Bio-Steel  
  32  5:51  Upgrade Laser Drill Level 1  
  32  7:11  Starport Tech Reactor  
  32  7:20  Starport  
  32  7:32  Advanced Optics  
  32  7:38  Fire-Suppression Systems  
  32  7:48  Wraith x2  
  36  8:00  Supply Depot  
  36  8:03  Supply Depot  
  36  8:05  Supply Depot  
  36  8:11  Wraith  
  38  8:38  KMC Auto-Loaders  
  38  8:43  Wraith  
  38  8:47  Wraith  
  42  9:13  Science Vessel  
  44  9:32  Terran Vehicle and Ship Weapons Level 1  
  44  10:08  Hi-Sec Auto Tracking  
  44  10:16  Supply Depot  
  44  10:21  Science Vessel  
  44  10:23  Wraith  
  48  10:48  Supply Depot  
  48  11:07  Science Vessel  
  48  11:08  Structure Armor  
  50  11:18  Starport Tech Reactor  
  50  11:21  Spinning Dizzy  
  50  11:28  Command Center  
  50  11:33  Refinery  
  50  11:45  Spinning Dizzy  
  50  12:12  Terran Vehicle And Ship Armor Level 1  
  50  12:14  Science Vessel  
  50  12:15  Wraith  
  50  12:17  Refinery  
  54  13:04  Science Vessel, Wraith  
  58  13:20  Wraith  
  60  13:52  SCV  
  61  14:06  SCV  
  62  14:19  SCV  
  63  14:33  SCV  
  64  14:46  SCV  
  65  14:54  Wraith x4  
  73  15:00  SCV  
  74  15:14  SCV  
  75  15:27  SCV  
  74  15:34  Wraith x4  
  82  16:03  Terran Vehicle And Ship Armor Level 2  
  82  16:10  Pulse Amplifier  
  82  16:12  Displacement Field  
  82  16:14  Wraith x4  
  82  16:18  SCV  
  91  16:26  Spinning Dizzy  
  91  16:31  SCV  
  92  16:48  Perdition Turret  
  92  16:54  Wraith x4  
  100  17:05  Supply Depot  
  100  17:09  Supply Depot  
  100  17:10  Supply Depot  
  100  17:11  Supply Depot  
  100  17:13  Supply Depot  
  100  17:19  Supply Depot  
  100  17:20  Improved Nano-Repair  
  100  17:31  SCV  
  101  17:44  SCV  
  102  17:58  SCV  
  103  18:11  SCV  
  104  18:25  SCV  
Show
View Real Time Build Order
Export as new Build Order

Enot Terran 

Build Orders:  

Get SALT Encoding   

  12  0:04  SCV  
  13  0:21  SCV  
  14  0:38  SCV  
  15  0:55  SCV  
  15  0:59  Refinery  
  16  1:05  Refinery  
  16  1:12  SCV  
  17  1:25  Engineering Bay  
  17  1:29  SCV  
  18  1:46  SCV  
  19  2:03  SCV  
  19  2:04  Gunslingers Hideout  
  20  2:18  ITC-E Triggers  
  20  2:20  SCV  
  21  2:37  SCV  
  22  2:43  Muscle Armory  
  22  2:54  SCV  
  23  3:01  Tychus  
  23  3:11  SCV  
  23  3:16  Fixers Safehouse  
  24  3:28  SCV  
  25  3:45  SCV  
  26  4:01  SCV, Kev Rattlesnake West  
  37  4:15  Endurance Supplements  
  37  4:18  SCV  
  38  5:33  Umojan Signal Modulator  
  38  5:45  Big Red Button  
  38  7:03  James Sirius Sykes  
  48  7:15  Flashforce GDM Visor  
  48  8:27  Command Center  
  48  8:45  Outlaw Weapons Level 1  
  48  8:54  SA-55 Thunderbolt Missiles  
  48  9:25  Kel-Morian Ripper Rounds  
  48  10:08  SCV  
  49  10:25  SCV  
  50  10:42  SCV  
  50  10:44  Outlaw Life and Armor Level 1  
  51  10:52  Medivac Platform  
  51  10:59  SCV  
  52  11:03  Refinery  
  52  11:09  Refinery  
  52  11:16  SCV  
  53  11:33  SCV  
  54  11:50  SCV  
  54  11:55  Moebius M34 Terror Rounds  
  54  11:56  Medivac Platform  
  55  12:07  SCV  
  56  12:37  SCV  
  57  12:44  Outlaw Weapons Level 2  
  57  12:54  SCV  
  57  12:56  Medivac Platform  
  58  13:11  SCV  
  59  13:28  SCV  
  60  13:45  SCV  
  60  13:46  Nux  
  71  14:02  SCV  
  72  14:19  SCV  
  73  14:35  SCV  
  74  14:52  SCV  
  75  15:04  Outlaw Life and Armor Level 2  
  75  15:09  SCV  
  76  15:13  Crooked Sam  
  86  15:26  SCV  
  87  15:43  SCV  
  88  16:00  SCV  
  89  16:10  T4 Cloudburst Shells, Ultrasonic Boosters  
  89  16:17  SCV  
  90  16:34  SCV  
  91  16:50  Procyon Shade Suit  
  91  17:10  D99 Detonator  
  91  18:21  Umojan Turret Frame  
  91  19:13  Vanadium Shell, KD9a Implosion Core  
Tags
 
Commander
SwannTychus
Matchup
Co-op
Replay Pack
Multiplayer
Add a new tag
Caveats
  • Supply blocks, unpowered buildings, or Contaminate may cause inaccurate times.
  • Supply counts are checked every 10 seconds.